 Dungeon Crawl Stone Soup version 0.30.0-5-g1a98f26d00 (webtiles) character file.

Game seed: 12978586448074456783

3 browni3141 the Trooper (level 1, 0/36 HPs)
             Began as an Ogre Delver on May 10, 2023.
             Slain by a water moccasin (1 damage)
             ... on level 6 of the Dungeon.
             The game lasted 00:01:29 (257 turns).

browni3141 the Trooper (Ogre Delver)                 Turns: 257, Time: 00:01:30

Health: 0/36       AC:  3    Str: 15    XL:     1   Next: 50%
Magic:  1/1        EV:  9    Int: 11    God:
Gold:   0          SH:  0    Dex: 10    Spells: 0/0 levels left

rFire   . . .        a - +0 mace
rCold   . . .        (no shield)
rNeg    . . .        b - +0 robe
rPois   .            (helmet restricted)
rElec   .            (no cloak)
rCorr   .            (gloves unavailable)
SInv    .            (boots unavailable)
Will    .....        (no amulet) Stlth
                     (no ring)
HPRegen 0.26/turn    (no ring)
MPRegen 0.07/turn

%: no passive effects
@: berserking, lethally poisoned (0 -> -6), very quick
A: large, unfitting armour, tough skin 1
a: no special abilities


You were on level 6 of the Dungeon.
You visited 1 branch of the dungeon, and saw 2 of its levels.

Inventory:

Hand Weapons
 a - a +0 mace (weapon)
Armour
 b - a +0 robe (worn)
Wands
 g - a wand of digging (3)
Scrolls
 d - a scroll of magic mapping
 F - a scroll of fog
Potions
 I - a potion of brilliance {unknown}


   Skills:
 * Level 4.2 Fighting
 + Level 1.9 Maces & Flails
 - Level 1.7 Dodging
 - Level 3.7 Stealth


You couldn't memorise any spells.
You didn't know any spells.
Your spell library was empty.

Dungeon Overview and Level Annotations

Branches:
Dungeon (6/15)
 Temple: D:4-7

Altars:
Wu Jian

Shops:
D:6 *

Annotations:
D:6 Dowan, Duvessa, Menkaure


Innate Abilities, Weirdness & Mutations

You are too large for most types of armour.
You have tough skin. (AC +1)


Message History

Setting a skill training target for Polearms at 14.0.
Setting a skill training target for Armour at 7.0.
Setting a skill training target for Shields at 5.0.
Setting a skill training target for Stealth at 2.0.
Setting a skill training target for Spellcasting at 3.0.
Setting a skill training target for Conjurations at 7.0.
Setting a skill training target for Summonings at 16.0.
Setting a skill training target for Necromancy at 10.0.
Setting a skill training target for Fire Magic at 6.0.
Setting a skill training target for Earth Magic at 10.0.
Setting a skill training target for Invocations at 14.0.
Setting a skill training target for Evocations at 10.0.
Setting a skill training target for Throwing at 2.0.
A gnoll comes into view. It is wielding a +0 spear.
A gnoll sergeant comes into view. It is wielding a +0 spear.
G - a scroll labelled RYINOI ITUTWUDD
There are no items here.
H - a murky dark potion
There are no items here.
A worm comes into view.
You hit the worm.
The worm is moderately wounded.
You hit the worm.
The worm is severely wounded.
The worm bites you.
You hit the worm.
The worm is almost dead.
The worm bites you.
You hit the worm.
You kill the worm!
Training target 2.0 for Stealth reached!
You start resting.
HP restored.
I - a metallic blue potion An ice beast comes into view.
Press: ? - help, v - describe, . - travel, g - get item Item here: a book of Conjurations.
The floor.
Unknown command.
As you read the scroll of fear, it crumbles to dust.
You assume a fearsome visage.
The ice beast looks frightened!
Found an escape hatch in the floor.
The ice beast attacks as you move away! The ice beast barely misses you.
The ice beast attacks as you move away! The ice beast barely misses you.
There is an escape hatch in the floor here.
The ice beast barely misses you.
You slide downwards.
The hatch slams shut behind you.
You feel yourself speed up. The ice beast hits you. The ice beast freezes you!
Ouch! That really hurt!
An orc wizard comes into view. It is wielding a +0 dagger.
You see here a +0 rapier.
You enter the shallow water.
A water moccasin and an orc come into view.
You open the door.
The water moccasin hisses angrily.
Found Dozeumuh's General Store.
There is an open door here.
There is an entrance to Dozeumuh's General Store here.
You open the door.
Duvessa, Sister of Dowan comes into view.
She is wielding a +0 short sword.
Duvessa shouts!
There is an open door here.
Dowan, Brother of Duvessa comes into view.
He is wielding a +0 dagger and carrying a wand of digging (8).
Found 8 gold pieces.
Found a stone staircase leading down.
As you open the door, it creaks loudly!
You hear a shout!
Something unseen opens the door.
Found an ornate altar of the Wu Jian Council.
Menkaure, Prince of Dust comes into view.
Menkaure shouts!
Menkaure calls on the powers of darkness!
Your body is wracked with pain!
There is an open door here.
Menkaure calls on the powers of darkness!
Your body is wracked with pain!
* * * LOW HITPOINT WARNING * * *
You open the door.
Your extra speed is starting to run out.
There is an open door here.
You feel yourself slow down.
As you read the scroll labelled RYINOI ITUTWUDD, it crumbles to dust.
It is a scroll of identify.
H - a potion of berserk rage The water moccasin bites you.
A red film seems to cover your vision as you go berserk!
You feel yourself moving faster!
You feel mighty!
The water moccasin bites you but does no damage.
The water moccasin bites you.
You are lethally poisoned!
The water moccasin poisons you!
You sock the water moccasin!
The water moccasin is moderately wounded.
* * * LOW HITPOINT WARNING * * *
You feel very sick. The water moccasin bites you.
* * * LOW HITPOINT WARNING * * *
You closely miss the water moccasin.
The water moccasin is moderately wounded.
* * * LOW HITPOINT WARNING * * *
You feel sick. The water moccasin bites you.
You die...

#########
#..S.S..#
#.#####.#########
##.####........S.#
......#..#######@#
S♣♣♣+♣...# #.#
.....♣##.# #.#
.###.♣ ..# #..
S....♣#### ###
.._..'M# .....♣..
.###.♣ $. .♣


You could see a water moccasin.

Vanquished Creatures
  A worm (D:5)
1 creature vanquished.

Notes
Turn   | Place    | Note
-------+----------+-------------------------------------------
     0 | D:5      | browni3141 the Ogre Delver began the quest for the Orb.
     0 | D:5      | Reached XP level 1. HP: 24/24 MP: 1/1
     7 | D:5      | Noticed a gnoll sergeant
   123 | D:5      | Noticed an ice beast
   191 | D:6      | Noticed an orc wizard
   212 | D:6      | Noticed a water moccasin
   213 | D:6      | Found Dozeumuh's General Store.
   217 | D:6      | Noticed Duvessa
   220 | D:6      | Noticed Dowan
   230 | D:6      | Found an ornate altar of the Wu Jian Council.
   231 | D:6      | Noticed Menkaure
   257 | D:6      | HP: 1/36 [poisoned by a water moccasin]
   257 | D:6      | Slain by a water moccasin

Illustrated notes

Levels and vault maps discovered:
D:5:      layout_loops_corners, minmay_temple_entry_from_below_a,
          gammafunk_ghost_icy, st_stairs_11, uniq_pikel
D:6:      layout_loops_cross, mainiacjoe_overflow_six_doors_small,
          worldfamousw_hep_ancestral_shrine, serial_bayou, serial_bayou_pond_d,
          serial_bayou_pond_c, serial_bayou_crossing, serial_bayou_pond_e,
          serial_shops, kennysheep_mini, uniq_sigmund, uniq_maggie,
          uniq_duvessa, uniq_menkaure

Action                     || total
---------------------------++-------
  Melee: Mace              ||     6
    Use: Scroll            ||     2
         Potion            ||     2
 Armour: Robe              ||     1
  Dodge: Dodged            ||     3
